 Dungeon Crawl Stone Soup version 0.27-a0-1060-gcb85b5eba1 (webtiles) character file.

Game seed: 16497492975789885511

9 wakim the Sneak (level 2, -2/18 HPs)
             Began as a Kobold Brigand on Apr 21, 2021.
             Slain by a kobold
             ... wielding a +0 short sword
              (3 damage)
             ... on level 1 of the Dungeon.
             The game lasted 00:00:43 (175 turns).

wakim the Sneak (Kobold Brigand)                     Turns: 175, Time: 00:00:44

Health: -2/18      AC:  3    Str:  8    XL:     2   Next: 20%
Magic:  2/2        EV: 14    Int: 12    God:
Gold:   12         SH:  0    Dex: 16    Spells: 1/1 levels left

rFire    . . .     SeeInvis .   a - +2 dagger
rCold    . . .     Faith    .   (shield restricted)
rNeg     . . .     Spirit   .   b - +0 robe
rPois    .         Reflect  .   (no helmet)
rElec    .         Harm     .   c - +0 cloak
rCorr    .         Rampage  .   (no gloves)
Will     .....                  (no boots)
Stlth    ++++......             (no amulet)
HPRegen  0.06/turn              (no ring)
MPRegen  0.08/turn              (no ring)

@: no status effects
A: small, no large weapons, nightstalker 3
a: no special abilities


You were on level 1 of the Dungeon.
You visited 1 branch of the dungeon, and saw 1 of its levels.

You collected 12 gold pieces.

Inventory:

Hand Weapons
 a - a +2 dagger (weapon)
Missiles
 d - 8 poisoned darts
 e - 2 curare-tipped darts {=f}
 g - 2 boomerangs (quivered)
Armour
 b - a +0 robe (worn)
 c - a +0 cloak (worn)
Scrolls
 f - a scroll of fog {unknown}
 h - a scroll of identify {unknown}
Potions
 i - a potion of heal wounds {unknown}


   Skills:
 + Level 2.3 Fighting
 * Level 3.1 Short Blades
 - Level 2.1 Throwing
 * Level 1.8 Dodging
 + Level 5.4 Stealth


You had one spell level left.
You didn't know any spells.
Your spell library was empty.

Dungeon Overview and Level Annotations

Branches:
Dungeon (1/15)

Altars:


Innate Abilities, Weirdness & Mutations

You are small and have problems with some larger weapons.
You are completely attuned to the shadows.


Message History

You hit the jackal.
The jackal is heavily wounded.
The jackal closely misses you.
You hit the jackal but do no damage.
The jackal is moderately wounded.
The jackal closely misses you.
You closely miss the jackal.
The jackal is moderately wounded.
The jackal closely misses you.
You hit the jackal.
You kill the jackal!
Your Short Blades skill increases to level 3!
You have reached level 2!
You hit the frilled lizard.
You kill the frilled lizard!
The hobgoblin barely misses you.
Things that are here:
a frilled lizard corpse; a jackal corpse You barely miss the hobgoblin.
The hobgoblin hits you.
You completely miss the hobgoblin. The hobgoblin barely misses you.
You hit the hobgoblin.
The hobgoblin is heavily wounded.
The hobgoblin completely misses you.
You hit the hobgoblin.
The hobgoblin is almost dead.
The hobgoblin hits you.
You hit the hobgoblin.
You kill the hobgoblin!
You hit the kobold but do no damage. The kobold closely misses you.
You barely miss the kobold. You closely miss the kobold.
The kobold hits you with a +0 short sword.
* * * LOW HITPOINT WARNING * * *
You barely miss the kobold.
The kobold hits you with a +0 short sword.
* * * LOW HITPOINT WARNING * * *
You hit the kobold.
The kobold is moderately wounded.
The kobold hits you with a +0 short sword.
You die...

.......# ......## #...###
##### ...## .....## ....##
###...... .....# .......#
.....# #####.....#
.....#########..@K...#.##
.....#...##....####...>.##
....####.#..#### ##.#K..#
...## #....### ###.##..###
#########.#...####.........##
#.........###...##.........h##
..#########
###..............#### ..#
###.†.............. ..#
##...............


You could see a kobold.

Vanquished Creatures
  An endoplasm (D:1)
  A hobgoblin (D:1)
  A jackal (D:1)
  A kobold (D:1)
  A quokka (D:1)
  A bat (D:1)
  A frilled lizard (D:1)
  A rat (D:1)
8 creatures vanquished.

Notes
Turn   | Place    | Note
-------+----------+-------------------------------------------
     0 | D:1      | wakim the Kobold Brigand began the quest for the Orb.
     0 | D:1      | Reached XP level 1. HP: 12/12 MP: 1/1
   164 | D:1      | Reached XP level 2. HP: 15/18 MP: 2/2
   175 | D:1      | Slain by a kobold

Illustrated notes

Levels and vault maps discovered:
D:1:      dpeg_arrival_three_bigger_balls, layout_rooms, basic_ecumenical_altar

Skill      XL: |  1 |
---------------+----+-----
Short Blades   | 3 |  3.1
Fighting       | |  2.3
Throwing       | |  2.1
Dodging        | |  1.8
Stealth        | |  5.4

Action                   || total
-------------------------++-------
Melee: Dagger            ||    21
 Stab: Sleeping          ||     4
Dodge: Dodged            ||    13

Table legend: (Time is in decaauts)
 A = Elapsed time spent in this place.
 B = Non-inter-level travel time spent in this place.
 C = Inter-level travel time spent in this place.
 D = Time resting spent in this place.
 E = Time spent auto-exploring this place.
 F = Levels seen in this place.
 G = Mean time per level.
                   A        B        C        D        E       F      G
               +--------+--------+--------+--------+--------+-----+--------+
         Total |    171 |    171 |      0 |      0 |    107 |   1 |  171.0 |
       Dungeon |    171 |    171 |      0 |      0 |    107 |   1 |  171.0 |
               +--------+--------+--------+--------+--------+-----+--------+

Top non-repeatable levels by time:
     D:1: 171 daAuts
